 Dungeon Crawl Stone Soup version 0.30.0-5-g1a98f26d00 (webtiles) character file.

Game seed: 3735291138846354806

137 Kranky the Shield-Bearer (level 5, 0/53 HPs)
             Began as a Troll Fighter on May 12, 2023.
             Slain by a gnoll
             ... wielding a +0 club
              (5 damage)
             ... on level 3 of the Dungeon.
             The game lasted 00:03:23 (1611 turns).

Kranky the Shield-Bearer (Troll Fighter)            Turns: 1611, Time: 00:03:24

Health: 0/53       AC:  4    Str: 24    XL:     5   Next: 0%
Magic:  4/4        EV:  8    Int:  6    God:
Gold:   85         SH:  8    Dex:  9    Spells: 4/4 levels left

rFire   + .          .
                       - Unarmed
rCold   . . .        b - +0 kite shield
rNeg    . . .        a - +0 robe
rPois   +            (helmet restricted)
rElec   +            (no cloak)
rCorr   .            (gloves unavailable)
SInv    +            (boots unavailable)
Will    .....        (no amulet)
Stlth   +            k - ring "Heruo" {*Corrode rElec rPois rF+ SInv}
HPRegen 1.08/turn    (no ring)
MPRegen 0.09/turn

%: corrode self (3%)
@: mighty
A: large, unfitting armour, claws 3, regeneration 1, shaggy fur 1, tough skin 1
a: no special abilities


You were on level 3 of the Dungeon.
You visited 1 branch of the dungeon, and saw 3 of its levels.

You collected 85 gold pieces.

Inventory:

Armour
 a - a +0 robe (worn)
 b - a +0 kite shield (worn)
Jewellery
 k - the ring "Heruo" (left claw) {*Corrode rElec rPois rF+ SInv}
   (You found it on level 2 of the Dungeon)

   [ring of protection from fire]

   rF:        It protects you from fire.
   rElec:     It insulates you from electricity.
   rPois:     It protects you from poison.
   SInv:      It lets you see invisible.
   *Corrode:  It may corrode you when you take damage.
 m - a +6 ring of strength
 o - a ring of protection from fire
Scrolls
 d - a scroll of blinking {unknown}
 g - a scroll of noise {unknown}
 j - 2 scrolls of identify {unknown}
 n - 2 scrolls of enchant armour {unknown}
 p - a scroll of teleportation {unknown}
 q - a scroll of vulnerability {unknown}
 r - 2 scrolls of poison {unknown}
Potions
 e - a potion of lignification {unknown}
 f - a potion of attraction {unknown}
 h - a potion of curing {unknown}
 i - a potion of haste {unknown}
 l - a potion of heal wounds {unknown}
 s - a potion of magic {unknown}


   Skills:
 + Level 3.3 Fighting
 - Level 2.4 Dodging
 + Level 3.7 Shields
 + Level 3.3 Unarmed Combat


You had 4 spell levels left.
You didn't know any spells.
Your spell library contained the following spells:

 Spells                   Type           Power      Damage    Failure   Level
 Call Canine Familiar     Summ           0%         N/A       97%         3
 Portal Projectile        Hex/Tloc       0%         N/A       97%         3
 Leda's Liquefaction      Hex/Erth       0%         N/A       100%        4
 Olgreb's Toxic Radiance  Pois           0%         N/A       100%        4
 Discord                  Hex            0%         N/A       100%        8
 Ignition                 Fire           0%         3d3       100%        8


Dungeon Overview and Level Annotations

Branches:
Dungeon (3/15)

Altars:
Kikubaaqudgha
Xom


Innate Abilities, Weirdness & Mutations

You are too large for most types of armour.
You have claws for hands.
Your natural rate of healing is unusually fast.
You are covered in fur. (AC +1)
You have tough skin. (AC +1)


Message History

A gnoll comes into view. It is wielding a +0 flail.
A gnoll comes into view. It is wielding a +0 club.
The gnoll shouts! x2
The gnoll moves out of view.
The gnoll hits you with a +1 flail of protection!
You barely miss the gnoll. The gnoll closely misses you.
You scratch the gnoll but do no damage.
The gnoll hits you with a +1 flail of protection.
You barely miss the gnoll. You scratch the gnoll but do no damage.
The gnoll barely misses you.
You claw the gnoll!
The gnoll is severely wounded.
The gnoll barely misses you. You block the gnoll's attack.
You barely miss the gnoll.
The gnoll is severely wounded.
You block the gnoll's attack. The gnoll barely misses you.
You claw the gnoll!
You kill the gnoll!
You block the gnoll's attack. The gnoll hits you with a +0 club.
The gnoll hits you with a +1 flail of protection!
You have reached level 5!
You claw the gnoll!
The gnoll is heavily wounded.
The gnoll hits you with a +0 club. You block the gnoll's attack.
You are too injured to fight recklessly!
You closely miss the gnoll. The gnoll barely misses you.
The gnoll hits you with a +1 flail of protection!
* * * LOW HITPOINT WARNING * * *
You barely miss the gnoll. The gnoll hits you with a +0 club.
* * * LOW HITPOINT WARNING * * *
The gnoll hits you with a +1 flail of protection.
* * * LOW HITPOINT WARNING * * *
The gnoll attacks as you move away! The gnoll hits you with a +0 club.
* * * LOW HITPOINT WARNING * * *
You feel very mighty all of a sudden. You block the gnoll's attack.
The gnoll completely misses you.
You claw the gnoll!
You kill the gnoll!
The gnoll hits you with a +0 club.
You die...

#...~......# .
#._~....⌠..# #.
#....##....# #.
#.########...# >.
#...........## .#
#####.####### .#
#...## #####)#####
###..###...g.....#
##...#..@).....#
###...........#
####.........#
#............#
#.##[≈.......#
#.#.~≈.......#
#.~..≈.......#
#....≈.......#
##~..≈########


You could see a gnoll.

Vanquished Creatures
  Jessica (D:2)
  2 gnolls (D:3)
  3 adders (D:2)
  A worm (D:3)
  2 dart slugs
  5 bats
  4 endoplasms
  2 giant cockroaches
  3 hobgoblins
  8 jackals
  4 kobolds
  5 quokkas
  6 ball pythons
  13 frilled lizards
  3 goblins
  8 rats
70 creatures vanquished.

Notes
Turn   | Place    | Note
-------+----------+-------------------------------------------
     0 | D:1      | Kranky the Troll Fighter began the quest for the Orb.
     0 | D:1      | Reached XP level 1. HP: 22/22 MP: 0/0
    63 | D:1      | Reached XP level 2. HP: 29/29 MP: 1/1
   352 | D:1      | Reached XP level 3. HP: 36/36 MP: 2/2
   525 | D:2      | Identified the ring "Heruo" {*Corrode rElec rPois rF+ SInv}
   700 | D:2      | Noticed Jessica
   705 | D:2      | Killed Jessica
   706 | D:2      | Reached XP level 4. HP: 29/45 MP: 3/3
   896 | D:2      | Found a shimmering altar of Xom.
  1144 | D:2      | Found a faded altar of an unknown god.
  1554 | D:3      | Found an ancient bone altar of Kikubaaqudgha.
  1606 | D:3      | Reached XP level 5. HP: 28/53 MP: 4/4
  1609 | D:3      | HP: 2/53 [gnoll/+0 club (4)]
  1611 | D:3      | Slain by a gnoll

Illustrated notes

Levels and vault maps discovered:
D:1:      onia_arrival_pentagram, layout_rooms, wad_floor_pattern_untrapped,
          chequers_jeans, minmay_tromino_v7
D:2:      layout_basic, basic_altar, hellmonk_ecumenical_altar_leap_of_faith,
          kennysheep_cluttered_room, minmay_tree_intersection,
          minmay_hedge_maze, minmay_misc_feat_tower, grunt_ministairs_14,
          grunt_decor_junction, minivault_25, minmay_lizard_king, uniq_jessica
D:3:      layout_rooms, kiku_gazebo_pond_becter, serial_rivers,
          chequers_serial_rivers_micro_b, chequers_serial_rivers_large_a,
          chequers_serial_rivers_micro_e, chequers_serial_rivers_micro_e,
          chequers_serial_rivers_room_a, chequers_serial_rivers_micro_a,
          gammafunk_ghost_grave

Skill      XL: |  1  2  3 |
---------------+----------+-----
Shields        | 3 |  3.7
Fighting       | 3 |  3.3
Unarmed Combat | 3 |  3.3
Dodging        | |  2.4

Action                     |  1- 3 |  4- 6 || total
---------------------------+-------+-------++-------
  Melee: Unarmed           |    97 |   100 ||   197
    Use: Potion            |       |     1 ||     1
 Armour: Robe              |    41 |    24 ||    65
  Dodge: Dodged            |    42 |    39 ||    81
  Block: Kite shield       |    46 |    48 ||    94
